 Dungeon Crawl Stone Soup version 0.28-a0-580-ga2639ab843 (webtiles) character file.

Game seed: 10926242696759867965

376 timneilson the Covered (level 6, -6/57 HPs)
             Began as a Gargoyle Fighter on Oct 2, 2021.
             Was a Follower of Okawaru.
             Mangled by an ogre (10 damage)
             ... on level 4 of the Dungeon.
             The game lasted 00:05:34 (3026 turns).

timneilson the Covered (Gargoyle Fighter)           Turns: 3026, Time: 00:05:34

Health: -6/57      AC: 23    Str: 22    XL:     6   Next: 73%
Magic:  5/7        EV:  2    Int:  8    God:    Okawaru [*.....]
Gold:   248        SH: 10    Dex:  9    Spells: 5/5 levels left

rFire   . . .      SeeInvis .   a - +1 long sword
rCold   . . .      Faith    .   i - +0 kite shield
rNeg    + . .      Spirit   .   (armour currently unavailable)
rPois   ∞          Reflect  .   (helmet currently unavailable)
rElec   .          Harm     .   (cloak currently unavailable)
rCorr   .          Rampage  .   (gloves currently unavailable)
Will    .....      NoTele   +   (boots currently unavailable)
Stlth   +++.......              g - amulet of regeneration
HPRegen 1.19/turn               (no ring)
MPRegen 0.10/turn               (no ring)

@: tree-form, heroic, studying Armour
A: stationary, stasis, torment immunity, boosted hp, sickness immunity, AC +4,
negative energy resistance 1, (electricity resistance), torment resistance 1,
petrification resistance
a: Renounce Religion, Heroism


You were on level 4 of the Dungeon.
You worshipped Okawaru.
Okawaru was aware of your devotion.
You were a tree.
You visited 1 branch of the dungeon, and saw 4 of its levels.

You collected 248 gold pieces.

Inventory:

Hand Weapons
 a - a +1 long sword (weapon)
Armour
 f - a +0 chain mail (melded)
 h - a +0 plate armour
 i - a +0 kite shield (worn)
Jewellery
 g - an amulet of regeneration (around neck)
Scrolls
 d - a scroll of blinking {unknown}
 k - a scroll of enchant weapon
Potions
 b - 2 potions of lignification
 c - 2 potions of magic {unknown}
 e - a potion of haste {unknown}


   Skills:
 + Level 4.0(9.0) Fighting
 * Level 3.3(8.3) Long Blades
 * Level 5.9(10.9) Armour
 + Level 1.4(6.4) Dodging
 * Level 4.8(9.8) Shields
 + Level 1.4 Invocations


You had 5 spell levels left.
You didn't know any spells.
Your spell library contained the following spells:

 Spells                   Type           Power      Damage    Failure   Level
 Shock                    Conj/Air       0%         1d3       63%         1
 Blink                    Tloc           N/A        N/A       77%         2
 Lesser Beckoning         Tloc           0%         N/A       94%         3
 Swiftness                Air            0%         N/A       94%         3
 Airstrike                Air            0%         N/A       100%        4
 Manifold Assault         Tloc           0%         N/A       100%        5


Dungeon Overview and Level Annotations

Branches:
Dungeon (4/15)
 Temple: D:4-7

Altars:
Okawaru

Shops:
D:4 *


Innate Abilities, Weirdness & Mutations

You are a tree.
Your roots penetrate the ground, keeping you stationary.
You cannot be teleported.
You are immune to unholy pain and torment.
Your maximum health is greatly increased.
Your equipment is partially melded.
You are immune to sickness and miasma.
((Your stone body is resilient. (AC +4)))
You are immune to poison.
You resist negative energy. (rN+)
((You are resistant to electric shocks. (rElec)))
You are resistant to unholy torment.
You are immune to petrification.


Message History

No target in view!
No target in view!
No target in view!
No target in view!
No target in view!
No target in view!
No target in view!
No target in view!
No target in view!
No target in view!
Found a short glowing staff.
You see here a staff of air.
You see here a +0 robe.
You see here a +0 short sword.
Things that are here:
a +0 hand axe; a +0 hand axe; a +0 club
Items here: ))) [[[.
Things that are here:
a +0 hand axe; a +0 hand axe; a +0 club You now have 248 gold pieces (gained 10).
Found Ubet Pao's Neck Hole.
An ogre and a howler monkey come into view.
The howler monkey howls!
The ogre shouts!
The howler monkey moves out of view.
You gain the combat prowess of a mighty hero.
You slash the ogre!
The ogre is moderately wounded.
The ogre hits you with a +0 giant club!!
Ouch! That really hurt!
You slash the ogre!
The ogre is heavily wounded.
The ogre closely misses you.
You barely miss the ogre.
The ogre is heavily wounded.
The ogre hits you with a +0 giant club!!
* * * LOW HITPOINT WARNING * * *
It was a potion of lignification.
You turn into a tree.
Your +0 chain mail melds into your body.
Your roots penetrate the ground.
The ogre hits you with a +0 giant club!
You die...

..# #.# #............ .(+
#.# #.#####.#.### ..# #.#
#.### #.#.### ..# #.#
#...###.#.... ..# #.#
#.#.....#.##. ..#
#.###################.
###................)..
##..####............###
#...hO♣................
....∩....####............###
...###...# #########.......
. ##... ########.##.#.. .##
.##.##.. ............... ...
.... ... ............>.# ..#
..#. ############.##...# #.#
#.#.# #.##...# #.# #.#.#
#.##....


You could see an ogre and a howler monkey.

Vanquished Creatures
  Grinder (D:4)
  An orc priest (D:4)
  An orc wizard (D:4)
  3 adders
  A worm (D:3)
  A dart slug (D:1)
  7 orcs (D:4)
  11 endoplasms
  4 giant cockroaches
  7 goblins
  5 hobgoblins
  4 jackals (D:2)
  6 kobolds
  2 quokkas
  8 ball pythons
  4 bats
  8 frilled lizards
  7 rats
81 creatures vanquished.

Vanquished Creatures (others)
  An orc wizard (D:4)
  A plant (D:1)
2 creatures vanquished.

Grand Total: 83 creatures vanquished

Notes
Turn   | Place    | Note
-------+----------+-------------------------------------------
     0 | D:1      | timneilson the Gargoyle Fighter began the quest for the
                  | Orb.
     0 | D:1      | Reached XP level 1. HP: 14/14 MP: 1/1
   222 | D:1      | Reached XP level 2. HP: 5/19 MP: 2/2
  1007 | D:1      | Reached XP level 3. HP: 23/23 MP: 3/3
  1123 | D:1      | Identified a scroll of acquirement
  1123 | D:1      | Acquired a manual of Armour
  1177 | D:2      | Reached skill level 4 in Armour
  1178 | D:2      | Found an iron altar of Okawaru.
  1191 | D:2      | Became a worshipper of Warmaster Okawaru
  1290 | D:2      | Reached XP level 4. HP: 28/28 MP: 4/4
  2192 | D:3      | Found a faded altar of an unknown god.
  2459 | D:4      | Reached skill level 1 in Dodging
  2459 | D:4      | Reached XP level 5. HP: 25/33 MP: 5/5
  2675 | D:4      | Reached skill level 5 in Armour
  2788 | D:4      | Noticed Grinder
  2793 | D:4      | Paralysed by Grinder for 2 turns
  2798 | D:4      | Killed Grinder
  2798 | D:4      | Reached * piety under Okawaru
  2799 | D:4      | Reached skill level 1 in Invocations
  2799 | D:4      | Reached XP level 6. HP: 25/38 MP: 5/7
  3014 | D:4      | Found Ubet Pao's Neck Hole.
  3026 | D:4      | Mangled by an ogre

Illustrated notes

Levels and vault maps discovered:
D:1:      heliophobic_arrival_ceremonial_halls, layout_rooms,
          serial_bayou_ford_a
D:2:      layout_rooms, basic_altar
D:3:      layout_basic, shapermc_ecumenical_altar_flowoftime,
          grunt_decor_fettered
D:4:      layout_basic, minivault_24, nicolae_shop_sticking_my_neck_out,
          uniq_grinder

Skill      XL: |  1  2  3  4  5 |
---------------+----------------+-----
Long Blades    | 2 3 |  3.3
Armour         | 4 5 |  5.9
Shields        | 4 |  4.8
Dodging        | 1 |  1.4
Fighting       | 4 |  4.0
Invocations    | 1 |  1.4

Action                   |  1- 3 |  4- 6 || total
-------------------------+-------+-------++-------
Melee: Long sword        |   139 |   150 ||   289
Invok: Heroism           |       |     1 ||     1
  Use: Scroll            |     1 |     4 ||     5
       Potion            |       |     2 ||     2
Armor: Scale mail        |    19 |       ||    19
       Chain mail        |    67 |    91 ||   158
Dodge: Dodged            |    62 |    32 ||    94
Block: Buckler           |    27 |       ||    27
       Kite shield       |     1 |    45 ||    46

Table legend: (Time is in decaauts)
 A = Elapsed time spent in this place.
 B = Non-inter-level travel time spent in this place.
 C = Inter-level travel time spent in this place.
 D = Time resting spent in this place.
 E = Time spent auto-exploring this place.
 F = Levels seen in this place.
 G = Mean time per level.
                   A        B        C        D        E       F      G
               +--------+--------+--------+--------+--------+-----+--------+
         Total |   3151 |   3075 |     76 |      0 |   2294 |   4 |  787.8 |
       Dungeon |   3151 |   3075 |     76 |      0 |   2294 |   4 |  787.8 |
               +--------+--------+--------+--------+--------+-----+--------+

Top non-repeatable levels by time:
     D:1: 1180 daAuts
     D:4: 814 daAuts
     D:3: 744 daAuts
     D:2: 411 daAuts
